 Dungeon Crawl Stone Soup version 0.23-a0-629-gae4348f (webtiles) character file.

192 Mgcat the Chopper (level 5, -2/48 HPs)
             Began as a Hill Orc Fighter on Dec 26, 2018.
             Slain by an orc priest
             ... wielding a cursed +0 mace
              (7 damage)
             ... on level 5 of the Dungeon.
             The game lasted 00:03:26 (1281 turns).

Mgcat the Chopper (Hill Orc Fighter)                Turns: 1281, Time: 00:03:26

Health: -2/48      AC:  8    Str: 25    XL:     5   Next: 71%
Magic:  5/5        EV:  9    Int:  8    God:
Gold:   90         SH:  0    Dex: 10    Spells: 4/4 levels left

rFire    . . .     SeeInvis .   a - +0 war axe
rCold    . . .     Gourm    .   (no shield)
rNeg     . . .     Faith    .   b - +0 scale mail
rPois    .         Spirit   .   (no helmet)
rElec    .         Reflect  .   i - +0 cloak
rCorr    +         Harm     .   (no gloves)
MR       .....                  (no boots)
Stlth    ..........             (no amulet)
HPRegen  0.16/turn              e - ring of resist corrosion
MPRegen  0.09/turn              (no ring)

@: mighty, lethally poisoned (-2 -> -3)
A: no striking features
a: Convert to Beogh


You were on level 5 of the Dungeon.
You were not hungry.

You visited 1 branch of the dungeon, and saw 4 of its levels.

You collected 90 gold pieces.

Inventory:

Hand Weapons
 a - a +0 war axe (weapon)
Armour
 b - a +0 scale mail (worn)
 c - a +0 shield
 i - a +0 cloak (worn)
   (You found it on level 1 of the Dungeon)
Jewellery
 e - a ring of resist corrosion (left hand)
   (You found it on level 1 of the Dungeon)
Scrolls
 g - a scroll of noise {unknown}
 j - a scroll of amnesia {unknown}
 k - 4 scrolls of identify {unknown}
 l - a scroll of enchant armour {unknown}
Potions
 d - a potion of might
 h - a potion of brilliance {unknown}
 m - a potion of cancellation {unknown}
 o - a potion of lignification {unknown}
 p - a potion of haste {unknown}
Comestibles
 f - 3 rations


   Skills:
 - Level 5.2 Fighting
 + Level 6.4 Axes
 - Level 3.2 Armour
 - Level 3.2 Shields


You had 4 spell levels left.
You didn't know any spells.
Your spell library was empty.

Dungeon Overview and Level Annotations

Branches:
Dungeon (5/15)
 Temple: D:4-7

Altars:
Elyvilon
The Shining One

Annotations:
D:4 Menkaure


Message History

You feel sick.
The scorpion stings you but does no damage.
You barely miss the scorpion.
The scorpion is heavily wounded.
You feel sick. The scorpion completely misses you.
You hit the scorpion but do no damage.
The scorpion is heavily wounded.
The scorpion stings you.
You feel very mighty all of a sudden.
You feel sick.
The scorpion stings you but does no damage.
You closely miss the scorpion.
The scorpion is heavily wounded.
The scorpion barely misses you. The scorpion closely misses you.
You closely miss the scorpion.
The scorpion is moderately wounded.
You feel sick.
An orc wizard comes into view. It is wielding a +0 dagger.
The scorpion closely misses you.
Unknown command.
Unknown command.
You slash the scorpion!
You kill the scorpion!
You have reached level 5!
You feel stronger.
An orc comes into view. It is wielding a +0 short sword.
A gnoll shaman comes into view. It is wielding a +0 club.
Unknown command.
Unknown command.
Unknown command.
Unknown command.
Unknown command.
You feel sick.
The orc shouts!
You hear a shout! x2
The orc wizard casts a spell.
The orc wizard seems to speed up.
Found an escape hatch in the ceiling.
You see here a +0 club.
Unknown command.
Unknown command.
You hit the orc wizard.
The orc wizard is moderately wounded.
The orc wizard gestures wildly while chanting.
The orc wizard blinks!
Unknown command.
The orc completely misses you.
Found a stone staircase leading down.
Unknown command.
You slice the orc!!
You kill the orc!
You feel sick.
An orc comes into view. It is wielding a +0 hand axe.
An orc priest comes into view. It is wielding a +0 mace.
The orc shouts!
The orc priest shouts, "Join the one true god or die!" (press Y on the ability menu to convert to Beogh)
You hear a shout!
An orc comes into view. It is wielding a +0 short sword.
The orc wizard barely misses you.
Found a stone staircase leading up.
You see here a +0 short sword.
You barely miss the orc wizard.
The orc wizard is moderately wounded.
You barely miss the orc. The orc wizard closely misses you.
The orc closely misses you.
The orc priest calls down the wrath of Beogh upon you.
Beogh smites you!
The orc wizard hits you with a cursed +0 dagger.
The orc hits you but does no damage.
You slash the orc wizard!
You kill the orc wizard!
Your Axes skill increases to level 6!
You hit the orc.
A gnoll comes into view.
The orc priest barely misses you. The orc hits you but does no damage.
Unknown command.
Unknown command.
You closely miss the orc priest. You barely miss the orc.
You feel sick. The orc hits you but does no damage.
The orc priest hits you with a cursed +0 mace.
* * * LOW HITPOINT WARNING * * *
Unknown command.
Unknown command.
You closely miss the orc priest. You barely miss the orc.
You barely miss the gnoll shaman. The gnoll shaman closely misses you.
The orc hits you with a +0 hand axe.
* * * LOW HITPOINT WARNING * * *
The orc priest invokes the aid of Beogh against you.
Pain shoots through your body!
* * * LOW HITPOINT WARNING * * *
Unknown command.
Unknown command.
You slash the orc priest!
The orc priest is almost dead.
You barely miss the gnoll shaman. You slash the orc!
You kill the orc!
The gnoll shaman hits you with a +0 club.
* * * LOW HITPOINT WARNING * * *
The orc priest hits you with a cursed +0 mace!
You die...

#..#....#[# ###
#..#...##..#. ..#
#..#....#...#.
..#########...<).##..<..
......................>.
..###...................
..# #...................
..# #......)##)##.......
..# ###...#.g..g@o....#
..# #g#########)......
... ...# ...#.#.
#........ o..# ## <..#
...# ...# ....


You could see a gnoll shaman, an orc priest, a gnoll and an orc.

Vanquished Creatures
  A scorpion (D:5)
  A howler monkey (D:5)
  A crimson imp (D:5)
  An orc wizard (D:5)
  A gnoll (D:5)
  A leopard gecko (D:2)
  3 orcs (D:5)
  A giant cockroach (D:1)
  5 hobgoblins (D:1)
  2 jackals (D:1)
  A kobold (D:1)
  A quokka (D:2)
  3 bats (D:1)
  2 frilled lizards
  3 goblins
  4 rats (D:1)
31 creatures vanquished.

Notes
Turn   | Place    | Note
-------+----------+-------------------------------------------
     0 | D:1      | Mgcat the Hill Orc Fighter began the quest for the Orb.
     0 | D:1      | Reached XP level 1. HP: 19/19 MP: 1/1
    80 | D:1      | Reached skill level 3 in Axes
   105 | D:1      | Reached skill level 4 in Fighting
   105 | D:1      | Reached XP level 2. HP: 19/27 MP: 2/2
   957 | D:2      | Reached XP level 3. HP: 34/34 MP: 3/3
  1025 | D:2      | You fall through a shaft for 2 floors!
  1025 | D:4      | Noticed Menkaure
  1043 | D:5      | Entered Level 5 of the Dungeon
  1122 | D:5      | Found a white marble altar of Elyvilon.
  1128 | D:5      | Found a glowing golden altar of the Shining One.
  1146 | D:5      | Reached skill level 4 in Axes
  1146 | D:5      | Reached XP level 4. HP: 36/41 MP: 4/4
  1179 | D:5      | Reached skill level 5 in Fighting
  1259 | D:5      | Reached skill level 5 in Axes
  1271 | D:5      | Reached XP level 5. HP: 27/48 MP: 5/5
  1278 | D:5      | Reached skill level 6 in Axes
  1280 | D:5      | HP: 10/48 [orc/+0 hand axe (3)]
  1281 | D:5      | Slain by an orc priest

Vault maps used:
D:1:      dpeg_arrival_radiant, chequers_arboretum, minmay_statues_item
D:2:      minmay_wonky_spiral, moated_statue
D:4:      serial_glass, glass_columns_a, glass_columns_b, uniq_menkaure,
          uniq_blork_the_orc, uniq_ijyb
D:5:      grunt_temple_overflow_open, first_ration, ebering_ghost_disaster_area,
          hangedman_abyss_or_decor_slice

Skill      XL: |  1  2  3  4  5 |
---------------+----------------+-----
Axes           | 3 4 5 6 |  6.4
Fighting       | 4 5 |  5.2
Armour         | |  3.2
Shields        | |  3.2

Action                   |  1- 3 |  4- 6 || total
-------------------------+-------+-------++-------
Melee: War axe           |    80 |    37 ||   117
  Use: Potion            |       |     1 ||     1
  Eat: Chunk             |     1 |       ||     1
Armor: Scale mail        |    49 |    17 ||    66
Dodge: Dodged            |    49 |    19 ||    68

Table legend:
 A = Non-vault XP
 B = Vault XP
 C = Vault XP percentage of total XP
 D = Non-vault monster count
 E = Vault monster count
 F = Vault count percentage of total count
                 A         B        C        D         E       F
            +---------+---------+-------+---------+---------+-------
      Total |     275 |       0 |   0.0 |      31 |       0 |   0.0
            +---------+---------+-------+---------+---------+-------
        D:1 |      30 |       0 |   0.0 |      19 |       0 |   0.0
        D:2 |       8 |       0 |   0.0 |       4 |       0 |   0.0
        D:5 |     237 |       0 |   0.0 |       8 |       0 |   0.0
            +---------+---------+-------+---------+---------+-------

Vault maps used:
D:1:      dpeg_arrival_radiant, chequers_arboretum, minmay_statues_item
D:2:      minmay_wonky_spiral, moated_statue
D:4:      serial_glass, glass_columns_a, glass_columns_b, uniq_menkaure,
          uniq_blork_the_orc, uniq_ijyb
D:5:      grunt_temple_overflow_open, first_ration, ebering_ghost_disaster_area,
          hangedman_abyss_or_decor_slice

Table legend:
 A = Turns spent in this place as a percentage of turns spent in the entire game.
 B = Non-inter-level travel turns spent in this place as a percentage of non-inter-level travel turns spent in the entire game.
 C = Inter-level travel turns spent in this place as a percentage of turns spent in this place.
 D = Turns resting spent in this place as a percentage of non-inter-level travel turns spent in this place.
 E = Turns spent auto-exploring this place as a percentage of non-inter-level travel turns spent in this place.
 F = Non-inter-level travel turns spent in this place divided by the number of levels of this place that you've seen.
                   A       B       C       D       E      F
               +-------+-------+-------+-------+-------+----------------------
         Total | 100.0 | 100.0 |   0.9 |   0.6 |  73.9 | 317.5
       Dungeon | 100.0 | 100.0 |   0.9 |   0.6 |  73.9 | 317.5
               +-------+-------+-------+-------+-------+----------------------

Table legend:
 A = Kills in this place as a percentage of kills in entire the game.
 B = Kills by you in this place as a percentage of kills by you in the entire game.
 C = Kills by friends in this place as a percentage of kills by friends in the entire game.
 D = Other kills in this place as a percentage of other kills in the entire game.
 E = Experience gained in this place as a percentage of experience gained in the entire game.
 F = Experience gained in this place divided by the number of levels of this place that you have seen.
                   A       B       C       D       E      F
               +-------+-------+-------+-------+-------+----------------------
         Total | 100.0 | 100.0 |   N/A |   N/A | 100.0 |  68.8
       Dungeon | 100.0 | 100.0 |   N/A |   N/A | 100.0 |  68.8
               +-------+-------+-------+-------+-------+----------------------
